Map: Carnicería por la supervivencia en Korhal EE

Players

WICKED - Winner!

  • Race: Terran Terran
  • League: Bronze

xXkazperXx

  • Race: Zerg Zerg
  • League: Bronze

VOD

Have the link to the VOD?

Description

Time

  • Played on: April 3, 2016, 10:17 a.m.
  • Length: 15:56
Show
View Real Time Build Order
Export as new Build Order

WICKED Terran - Winner!

Build Orders: MMM Bio 

Get SALT Encoding   

  12  0:01  SCV  
  13  0:13  SCV  
  14  0:19  Supply Depot  
  14  0:25  SCV  
  15  0:40  SCV  
  15  0:41  Barracks  
  16  0:45  Refinery  
  16  0:55  SCV  
  17  1:17  SCV  
  18  1:32  Bunker  
  18  1:33  Barracks Reactor  
  18  1:42  Orbital Command  
  18  1:49  Barracks  
  18  2:09  Marine x2  
  20  2:19  SCV  
  20  2:25  Engineering Bay  
  20  2:32  Marine x2  
  22  2:43  Supply Depot  
  22  2:49  Barracks Tech Lab  
  22  2:52  SCV  
  23  2:59  Factory  
  23  3:09  Command Center  
  23  3:17  Marine x2  
  25  3:28  Stimpack  
  25  3:33  SCV, Refinery  
  26  3:49  SCV  
  27  4:09  SCV  
  28  4:11  Marine  
  28  4:12  Marine  
  28  4:15  Factory Reactor  
  30  4:17  Starport  
  30  4:27  SCV  
  31  4:33  Terran Infantry Weapons Level 1  
  31  4:36  Marine x2  
  33  4:51  Barracks  
  33  5:00  Factory Tech Lab  
  33  5:06  Orbital Command  
  33  5:12  Medivac x2  
  37  5:15  Marauder, Marine x2  
  37  5:20  Supply Depot  
  41  5:25  SCV  
  42  5:35  SCV  
  43  5:39  Siege Tank  
  43  5:42  Marine x2  
  48  5:44  Barracks Reactor  
  48  5:56  Marauder  
  50  5:59  Marine x2  
  52  6:05  Barracks  
  51  6:31  Widow Mine  
  53  6:37  Combat Shields  
  53  6:39  Marine  
  54  7:01  Marine x2  
  53  7:03  Marauder  
  43  7:17  Barracks Tech Lab  
  43  7:19  Supply Depot  
  43  7:20  Marine  
  43  7:21  Marine x3  
  47  7:23  SCV x2  
  47  7:24  Marauder, Terran Infantry Armor Level 1  
  51  7:46  Siege Tank  
  54  7:52  Marauder  
  54  7:53  Concussive Shells  
  56  8:12  SCV x2, Supply Depot  
  58  8:14  Marauder x2  
  62  8:23  Supply Depot  
  62  8:33  Marine x4  
  53  9:03  SCV x2  
  55  9:10  Medivac  
  55  9:11  Medivac  
  55  9:15  Siege Tank  
  62  9:30  Command Center  
  62  9:36  Armory  
  62  9:43  Engineering Bay, SCV  
  62  9:44  SCV  
  64  9:59  Missile Turret  
  64  10:02  Viking x2  
  64  10:04  Starport  
  68  10:11  Marine x4  
  70  10:20  Missile Turret  
  70  10:21  Missile Turret  
  70  10:41  Missile Turret x2  
  65  11:21  Missile Turret  
  65  11:22  SCV  
  65  11:23  Refinery  
  65  11:25  Orbital Command  
  66  11:28  Refinery  
  66  11:30  Refinery  
  66  11:33  Starport Reactor  
  66  11:34  Viking x2  
  66  11:36  Marauder, Marine x3  
  75  11:45  SCV x2  
  77  11:52  Missile Turret  
  77  11:58  Terran Infantry Weapons Level 2  
  76  12:28  Supply Depot  
  76  12:34  SCV x2  
  78  12:45  SCV  
  78  12:50  Medivac x2, Viking  
  78  12:51  Viking  
  87  12:54  Marine x3  
  87  12:55  Marine x2  
  92  13:03  Terran Ship Weapons Level 1  
  91  13:33  Marauder, Marine x5  
  98  13:36  Medivac  
  100  14:00  Missile Turret  
  100  14:01  SCV  
  101  14:32  Supply Depot  
  101  14:33  Supply Depot  
  101  14:36  Supply Depot  
  101  14:43  SCV x2  
  101  14:54  Marauder, SCV, Marine x5  
  101  14:55  Medivac  
  111  15:12  Marine x2  
  92  15:24  Marauder x2, Marine x2  
  98  15:29  Marine x2  
Show
View Real Time Build Order
Export as new Build Order

xXkazperXx Zerg 

Build Orders: Pool First, Lurkers 

Get SALT Encoding   

  12  0:01  Drone  
  13  0:18  Overlord  
  13  0:21  Drone  
  14  0:37  Spawning Pool  
  14  0:40  Drone  
  14  0:52  Extractor  
  14  0:54  Drone x3  
  16  1:23  Queen  
  16  1:25  Zergling x4  
  20  1:35  Zergling x2  
  21  1:46  Zergling x2  
  22  1:53  Overlord  
  22  2:21  Hatchery  
  21  2:23  Drone x2  
  21  2:24  Drone  
  24  2:30  Metabolic Boost  
  24  2:34  Overlord  
  24  2:38  Zergling x2  
  24  2:39  Zergling x2  
  25  2:55  Lair  
  25  3:06  Overlord, Roach Warren  
  24  3:16  Drone  
  24  3:17  Drone  
  26  3:22  Extractor  
  25  3:33  Drone  
  26  3:35  Drone x3  
  26  3:36  Drone  
  26  3:40  Drone  
  31  3:48  Roach  
  33  4:05  Burrow  
  33  4:14  Hydralisk Den  
  36  4:17  Roach x2  
  36  4:20  Drone x3  
  36  4:23  Extractor  
  38  4:43  Tunneling Claws  
  38  4:52  Infestation Pit  
  37  5:16  Queen  
  39  5:31  Zergling x6  
  39  5:32  Zergling x2  
  43  5:47  Overlord  
  43  5:48  Overlord x2  
  43  6:32  Pneumatized Carapace  
  43  6:35  Hydralisk x6  
  43  6:36  Hydralisk x3  
  43  6:37  Hydralisk x2  
  65  6:55  Spire  
  54  7:13  Drone x3  
  54  7:14  Roach x3  
  57  7:37  Roach x2  
  55  8:13  Hydralisk x8  
  55  8:15  Roach x3  
  55  8:16  Roach  
  55  8:19  Roach x2  
  67  8:36  Hydralisk x2  
  65  8:50  Hatchery  
  43  9:15  Mutalisk x3  
  49  9:17  Mutalisk  
  49  9:18  Mutalisk x2  
  55  9:32  Extractor, Drone  
  55  9:37  Drone  
  56  9:42  Overlord  
  54  10:18  Zerg Flyer Weapons Level 1, Mutalisk x3  
  54  10:19  Mutalisk  
  54  10:20  Mutalisk x3  
  68  10:24  Roach x9  
  68  10:27  Drone x3  
  71  10:33  Drone  
  71  10:35  Drone  
  73  10:40  Roach x2  
  55  11:09  Mutalisk x3  
  61  11:12  Mutalisk x2  
  61  11:16  Overlord  
  66  11:25  Drone  
  66  11:27  Drone  
  66  11:28  Drone x2  
  69  11:44  Overseer  
  67  12:20  Hydralisk x3  
  73  12:23  Lurker Den  
  73  12:26  Hydralisk x2  
  73  12:27  Hydralisk x2  
  73  12:29  Overlord  
  81  12:30  Overlord  
  81  12:47  Hive  
  81  13:21  Drone x5  
  81  13:23  Drone x4  
  81  13:24  Drone x4  
  94  13:27  Hydralisk x2  
  94  13:29  Overlord  
  98  13:44  Spine Crawler  
  97  13:51  Lurker x3  
  97  13:52  Lurker x4  
  104  14:00  Corruptor  
  106  14:05  Overlord  
  106  14:13  Greater Spire  
  53  15:24  Zergling x6  
  53  15:26  Zergling x14  
  53  15:27  Zergling x2  
  53  15:28  Zergling x16  
Tags
 
Add a new tag
Caveats
  • Supply blocks, unpowered buildings, or Contaminate may cause inaccurate times.
  • Supply counts are checked every 10 seconds.